[Event "41st Amateur D7"]
[Site "ChessGUI4"]
[Date "2013.07.07"]
[Round "16.4"]
[White "Tigran 2.3 64-bit"]
[Black "Waxman 2011"]
[Result "1-0"]
[BlackElo "2256"]
[ECO "E15"]
[EventDate "2013.??.??"]
[TimeControl "40/1500:40/1500:40/1500"]
[WhiteElo "2289"]

{ i5 Quad } 1.d4 Nf6 2.c4 e6 3.Nf3 b6 4.g3 Ba6 5.b3 Bb4+ 6.Bd2 Be7 7.Bg2 c6 8.O-O d5 9.Ne5 Nfd7 { [%eval 8,12] [%emt 0:00:36] (e8g8) } 10.Nf3
{ [%eval 27,13] [%emt 0:00:38] (Nxd7) } 10...dxc4
{ [%eval 46,12] [%emt 0:00:16] (e8g8) } 11.Nc3
{ [%eval 28,14] [%emt 0:00:42] (Bf4) } 11...O-O
{ [%eval 44,12] [%emt 0:00:43] (e8g8) } 12.Bf4
{ [%eval 28,14] [%emt 0:00:42] (Qc2) } 12...Bb4
{ [%eval 47,12] [%emt 0:00:44] (Nf6) } 13.Ne4
{ [%eval 37,13] [%emt 0: 00:43] (Rc1) } 13...Qe7
{ [%eval 68,12] [%emt 0:00:46] (Qe7) } 14.Bg5
{ [%eval 12,13] [%emt 0:00:43] (Rc1) } 14...f6
{ [%eval 82,13] [%emt 0:00:49] (f6) } 15.Bd2
{ [%eval -2,14] [%emt 0:00:43] (Bd2) } 15...cxb3
{ [%eval 81,13] [%emt 0:00:57] (f5) } 16.axb3
{ [%eval 32,14] [%emt 0:00:43] (Qxb3) } 16...f5
{ [%eval 64,12] [%emt 0:00:45] (Bxd2) } 17.Neg5
{ [%eval 18,13] [%emt 0:00:40] (Nc3) } 17...Bd6
{ [%eval 83,13] [%emt 0:01:21] (Bxd2) } 18.Ra2
{ [%eval 9,12] [%emt 0:00:43] (Nh3) } 18...h6
{ [%eval 100,12] [%emt 0: 00:37] (h6) } 19.Nh3
{ [%eval -29,13] [%emt 0:00:44] (Nh3) } 19...Rd8
{ [%eval 103,12] [%emt 0:00:41] (g5) } 20.Re1
{ [%eval -4,12] [%emt 0:00:39] (Re1) } 20...g5
{ [%eval 137,12] [%emt 0:01:26] (Nf6) } 21.e4
{ [%eval 2,13] [%emt 0:00:36] (e4) } 21...fxe4
{ [%eval 119,12] [%emt 0:00:40] (fxe4) } 22.Nfxg5
{ [%eval 30,13] [%emt 0:00:45] (Rxe4) } 22...hxg5
{ [%eval 81,12] [%emt 0:00:47] (hxg5) } 23.Nxg5
{ [%eval 43,13] [%emt 0:00:45] (Nxg5) } 23...e3
{ [%eval 70,12] [%emt 0:00:47] (Nf6) } 24.Rxe3
{ [%eval 74,12] [%emt 0:00:45] (Bxe3) } 24...Qxg5
{ [%eval 61,12] [%emt 0:00:40] (Nf8) } 25.Rxe6
{ [%eval 95,13] [%emt 0:00:39] (Rxe6) } 25...Qf5
{ [%eval 28,12] [%emt 0:00: 45] (Qf5) } 26.Rxd6
{ [%eval 108,12] [%emt 0:00:47] (Rxd6) } 26...Rf8
{ [%eval 1,12] [%emt 0:00:45] (Rf8) } 27.d5
{ [%eval 162,12] [%emt 0:00:38] (Bf4) } 27...c5
{ [%eval -20,12] [%emt 0:00:50] (Qxf2) } 28.Bc3
{ [%eval 331,12] [%emt 0:00:40] (Bc3) } 28...Bb5
{ [%eval -42,11] [%emt 0:01:13] (Bb7) } 29.Rh6
{ [%eval 457,12] [%emt 0:00: 44] (Qe1) } 29...Rf6
{ [%eval -277,11] [%emt 0:00:36] (Rf6) } 30.Rh4
{ [%eval 534,12] [%emt 0:00:50] (Rh4) } 30...Ne5
{ [%eval -375,12] [%emt 0:01:48] (Qd3) } 31.Bxe5
{ [%eval 587,12] [%emt 0:00:50] (Be4) } 31...Qxe5
{ [%eval -408,10] [%emt 0:00:07] (Qxe5) } 32.Qg4+
{ [%eval 721,12] [%emt 0:00:51] (Qg4) } 32...Kf8
{ [%eval -576,11] [%emt 0:00:16] (Kf8) } 33.Qc8+
{ [%eval 721,13] [%emt 0:00:51] (Qc8) } 1-0

[Event "41st Amateur D7"]
[Site "ChessGUI4"]
[Date "2013.07.07"]
[Round "16.5"]
[White "Butcher 1.64 64-bit"]
[Black "Gibbon 2.57a 64-bit"]
[Result "0-1"]
[BlackElo "2251"]
[ECO "E81"]
[EventDate "2013.??.??"]
[TimeControl "40/1500:40/1500:40/1500"]
[WhiteElo "2355"]

{ i5 Quad } 1.d4 d6 2.e4 Nf6 3.f3 c5 4.d5 g6 5.c4 Bg7 6.Nc3 O-O 7.Bg5 e6 8.Qd2 exd5 9.Nxd5 Be6 { [%eval -31,14] [%emt 0:01: 49] (Be6) } 10.O-O-O
{ [%eval 53,11] [%emt 0:01:00] (Nc3) } 10...Bxd5
{ [%eval -1,13] [%emt 0:00:29] (Bxd5) } 11.cxd5
{ [%eval 50,11] [%emt 0:00:59] (cxd5) } 11...Nbd7
{ [%eval 0,14] [%emt 0:01:40] (Qc7) } 12.Nh3
{ [%eval 55,11] [%emt 0:00:50] (Kb1) } 12...a6
{ [%eval 5,13] [%emt 0:00:36] (Qb6) } 13.Kb1
{ [%eval 58,11] [%emt 0:01:05] (Kb1) } 13...b5
{ [%eval 6,13] [%emt 0:00:23] (Qb6) } 14.Re1
{ [%eval 61,11] [%emt 0: 01:03] (Rc1) } 14...Re8
{ [%eval 11,13] [%emt 0:00:37] (Qc7) } 15.Nf2
{ [%eval 52,11] [%emt 0:01:03] (Be2) } 15...c4
{ [%eval 12,13] [%emt 0:00:30] (Qc7) } 16.g3
{ [%eval 56,11] [%emt 0:01:01] (Be2) } 16...Qc7
{ [%eval 14,12] [%emt 0:00:19] (Qc7) } 17.Rc1
{ [%eval 44,11] [%emt 0:01:00] (Bh3) } 17...Nc5
{ [%eval 14,12] [%emt 0:00:31] (Nc5) } 18.Bg2
{ [%eval 36,11] [%emt 0:00:59] (Bh3) } 18...Nfd7
{ [%eval 15,12] [%emt 0:00:53] (Nfd7) } 19.h4
{ [%eval 22,11] [%emt 0:00:58] (Be3) } 19...Na4
{ [%eval 14,12] [%emt 0: 00:42] (Na4) } 20.Nd1
{ [%eval -14,11] [%emt 0:01:39] (Nd1) } 20...h5
{ [%eval 16,12] [%emt 0:00:38] (Rac8) } 21.g4
{ [%eval 47,11] [%emt 0:00:45] (Bh6) } 21...hxg4
{ [%eval 51,12] [%emt 0:00:19] (hxg4) } 22.fxg4
{ [%eval 39,10] [%emt 0:00:45] (fxg4) } 22...Ne5
{ [%eval 38,12] [%emt 0:00:24] (Rac8) } 23.h5
{ [%eval 99,11] [%emt 0:00:43] (h5) } 23...c3
{ [%eval 11,12] [%emt 0:01:03] (c3) } 24.bxc3
{ [%eval 129,10] [%emt 0:00:44] (13) } 24...Nc4
{ [%eval 22,11] [%emt 0:00:11] (Nxg4) } 25.Qd3
{ [%eval 150,10] [%emt 0:00:43] (Qd3) } 25...Be5
{ [%eval 38,11] [%emt 0:00:16] (Nc5) } 26.hxg6
{ [%eval 135,10] [%emt 0:00:42] (hxg6) } 26...fxg6
{ [%eval 15,12] [%emt 0:00: 11] (Na3) } 27.Qh3
{ [%eval 100,10] [%emt 0:00:41] (Qh3) } 27...Rf8
{ [%eval 40,12] [%emt 0:00:36] (Na3) } 28.Bh6
{ [%eval 105,10] [%emt 0:00:37] (Ka1) } 28...Rf2
{ [%eval 86,11] [%emt 0:00:16] (Na3) } 29.Nxf2
{ [%eval -133,12] [%emt 0:01:10] (g5) } 29...Na3+
{ [%eval 506,13] [%emt 0:00:05] (Na3) } 30.Ka1
{ [%eval -38,8] [%emt 0:00:01] (Ka1) } 30...Nxc3
{ [%eval 558,14] [%emt 0:00:12] (Nxc3) } 31.Bg7
{ [%eval -552,12] [%emt 0:00:39] (Bg7) } 31...Bxg7
{ [%eval 578,14] [%emt 0:00:39] (Qxg7) } 32.Qh7+
{ [%eval -694,13] [%emt 0:01:07] (Qh7) } 32...Kf8
{ [%eval 608,14] [%emt 0:00:13] (Kf8) } 33.Qh8+
{ [%eval -682,12] [%emt 0:00:26] (Qh8) } 33...Bxh8
{ [%eval 698,15] [%emt 0:00:28] (Kf7) } 34.Rxh8+
{ [%eval -610,13] [%emt 0:00:26] (Rxh8) } 0-1

[Event "41st Amateur D7"]
[Site "ChessGUI4"]
[Date "2013.07.07"]
[Round "17.1"]
[White "Carballo 0.8"]
[Black "MadChess 1.2"]
[Result "1/2-1/2"]
[BlackElo "2200"]
[ECO "E23"]
[EventDate "2013.??.??"]
[TimeControl "40/1500:40/1500:40/1500"]
[WhiteElo "2273"]

{ i5 Quad } 1.d4 Nf6 2.c4 e6 3.Nc3 Bb4 4.Qb3 c5 5.dxc5 Nc6 6.Bg5 Bxc5 7.Nf3 b6 8.e4 Be7 9.h3 O-O
{ [%eval -13,10] [%emt 0:00:41] (O-O) } 10.O-O-O
{ [%eval 37,13] [%emt 0:00:36] (O-O-O) } 10...Bb7
{ [%eval -12,10] [%emt 0:00:28] (h6) } 11.Kb1
{ [%eval 43,12] [%emt 0:00:35] (Kb1) } 11...h6
{ [%eval -2,12] [%emt 0:01:36] (Rc8) } 12.Bxf6
{ [%eval 39,12] [%emt 0:00:34] (Bxf6) } 12...Bxf6
{ [%eval 11,12] [%emt 0:00:51] (Bxf6) } 13.Nb5
{ [%eval 22,13] [%emt 0:00:33] (Nb5) } 13...Be7
{ [%eval 23,11] [%emt 0:00:30] (Be7) } 14.a3
{ [%eval 26,12] [%emt 0:00:32] (a3) } 14...Rc8
{ [%eval 13,10] [%emt 0:00:16] (f5) } 15.Qe3
{ [%eval 34,12] [%emt 0:00:32] (Qc2) } 15...a6
{ [%eval 29,11] [%emt 0:00:27] (g5) } 16.Nc3
{ [%eval -20,13] [%emt 0:00:31] (Nd6) } 16...Na5
{ [%eval 23,11] [%emt 0:00:47] (Na5) } 17.Ne5
{ [%eval -21,12] [%emt 0:00:30] (Ne5) } 17...Qc7
{ [%eval 53,11] [%emt 0:00:41] (d6) } 18.Rxd7
{ [%eval -50,12] [%emt 0:00:29] (Rxd7) } 18...Qxe5
{ [%eval 60, 12] [%emt 0:00:31] (Qxe5) } 19.Rxe7
{ [%eval -75,15] [%emt 0:00:29] (Rxe7) } 19...Qd6
{ [%eval 50,12] [%emt 0:00:22] (Qd6) } 20.Rxb7
{ [%eval -90,15] [%emt 0:00:28] (Rxb7) } 20...Nxb7
{ [%eval 47,12] [%emt 0:00:30] (Nxb7) } 21.b4
{ [%eval -90,13] [%emt 0:00:27] (e5) } 21...f6
{ [%eval 55,12] [%emt 0:00:22] (Qc6) } 22.Bd3
{ [%eval -68,13] [%emt 0:00:26] (Be2) } 22...Qc6
{ [%eval 36,10] [%emt 0:00:24] (Qc6) } 23.Rc1
{ [%eval -72,13] [%emt 0:00:26] (Ne2) } 23...Rfd8
{ [%eval 60,11] [%emt 0:00:33] (g5) } 24.f4
{ [%eval -52,13] [%emt 0:00:25] (Ne2) } 24...Nd6
{ [%eval 47,11] [%emt 0:00:24] (Nd6) } 25.Ne2
{ [%eval -69,13] [%emt 0:00:24] (Ne2) } 25...Qd7
{ [%eval 44,10] [%emt 0:00:23] (Nf7) } 26.Kb2
{ [%eval -61,11] [%emt 0:00:24] (g4) } 26...Nf7
{ [%eval 60,11] [%emt 0:00:51] (Nf7) } 27.Rd1
{ [%eval -58,12] [%emt 0:00:23] (Rc3) } 27...Rxc4
{ [%eval 118,11] [%emt 0:00:30] (Rxc4) } 28.e5
{ [%eval -100,13] [%emt 0:00:23] (e5) } 28...f5
{ [%eval 70,11] [%emt 0:00:33] (f5) } 29.g4
{ [%eval -106,12] [%emt 0: 00:22] (g4) } 29...a5
{ [%eval 105,12] [%emt 0:00:59] (Rc6) } 30.Qxb6
{ [%eval -90,10] [%emt 0:00:21] (Bxc4) } 30...Qa4
{ [%eval 145,11] [%emt 0:00:31] (Qa4) } 31.Bxc4
{ [%eval -324,12] [%emt 0:00:21] (Bxc4) } 31...Qxd1
{ [%eval 207,13] [%emt 0:00:49] (Qxd1) } 32.Kc3
{ [%eval -344,13] [%emt 0:00:20] (Kc3) } 32...Rd2
{ [%eval 192,12] [%emt 0:00:27] (Rd2) } 33.Nd4
{ [%eval -344,13] [%emt 0:00:20] (bxa5) } 33...Qc1+
{ [%eval 208,12] [%emt 0:00:40] (Qc1) } 34.Kb3
{ [%eval -332,14] [%emt 0:00:19] (Kb3) } 34...Rb2+
{ [%eval 197,12] [%emt 0:00:38] (Qd1) } 35.Ka4
{ [%eval -326,14] [%emt 0:00:19] (Ka4) } 35...Qxc4
{ [%eval 205,12] [%emt 0:00:58] (Qxc4) } 36.Qc5
{ [%eval -330,14] [%emt 0:00:18] (Qc5) } 36...Qxc5
{ [%eval 168,12] [%emt 0:00:28] (Qd3) } 37.bxc5
{ [%eval -307,13] [%emt 0:00:18] (bxc5) } 37...fxg4
{ [%eval 220,15] [%emt 0:01:24] (fxg4) } 38.hxg4
{ [%eval -286,15] [%emt 0:00:17] (hxg4) } 38...Rb8
{ [%eval 223,16] [%emt 0:03:05] (Rb8) } 39.c6
{ [%eval -259,14] [%emt 0:00:17] (Kxa5) } 39...Rc8
{ [%eval 190,14] [%emt 0:00:41] (g5) } 40.Kxa5
{ [%eval -218,17] [%emt 0:00: 17] (Kxa5) } 40...g5
{ [%eval 206,15] [%emt 0:00:41] (g5) } 41.fxg5
{ [%eval -194,17] [%emt 0:00:54] (fxg5) } 41...hxg5
{ [%eval 209,15] [%emt 0:01:16] (Nxe5) } 42.Kb6
{ [%eval -167,20] [%emt 0:00:52] (Kb6) } 42...Nxe5
{ [%eval 183,16] [%emt 0:01:50] (Nxe5) } 43.Kb7
{ [%eval -149,19] [%emt 0:00:51] (Kb7) } 43...Re8
{ [%eval 205,15] [%emt 0:00:39] (Nxc6) } 44.c7
{ [%eval -123,17] [%emt 0:00:50] (a4) } 44...Nc4
{ [%eval 194,17] [%emt 0:02:27] (Nc4) } 45.Nb5
{ [%eval -102,19] [%emt 0:00:48] (Nb5) } 45...e5
{ [%eval 183,16] [%emt 0:00:26] (e5) } 46.c8=Q
{ [%eval -101,19] [%emt 0:00:47] (c8=Q) } 46...Rxc8
{ [%eval 141,17] [%emt 0:00:38] (Rxc8) } 47.Kxc8
{ [%eval -66,20] [%emt 0:00:46] (Kxc8) } 47...e4
{ [%eval 114,16] [%emt 0:00:41] (e4) } 48.Kd7
{ [%eval -67,19] [%emt 0:00:45] (Kd7) } 48...Kf7
{ [%eval 32,16] [%emt 0:00:50] (e3) } 49.Kc6
{ [%eval -21,17] [%emt 0:00:44] (Kc6) } 49...Kf6
{ [%eval 20,16] [%emt 0:00:47] (e3) } 50.Kd5
{ [%eval -23,21] [%emt 0:00:43] (Kd5) } 50...e3
{ [%eval 0,19] [%emt 0: 01:26] (e3) } 51.Nc3
{ [%eval -22,25] [%emt 0:00:42] (Nc3) } 51...Nxa3
{ [%eval 0,19] [%emt 0:00:42] (Nxa3) } 52.Ne4+
{ [%eval -19,26] [%emt 0:00:40] (Ke4) } 52...Kf7
{ [%eval 0,21] [%emt 0:01:20] (Kg6) } 53.Nxg5+
{ [%eval -7,22] [%emt 0:00:39] (Ng3) } 53...Ke7
{ [%eval 0,22] [%emt 0:00:59] (Kf6) } 54.Nf3
{ [%eval -4,25] [%emt 0: 00:38] (Nf3) } 54...e2
{ [%eval 0,22] [%emt 0:00:35] (e2) } 55.Ne1
{ [%eval -2,26] [%emt 0:00:37] (Ne1) } 55...Kf6
{ [%eval 0,22] [%emt 0:00:38] (Kf6) } 56.Ke4
{ [%eval -3,25] [%emt 0:00:37] (Ke4) } 56...Kg5
{ [%eval 0,21] [%emt 0:00:15] (Nc4) } 57.Kf3
{ [%eval -8,28] [%emt 0:00:36] (Kf3) } 57...Nb5
{ [%eval 0,21] [%emt 0:00:32] (Nb5) } 58.Kxe2
{ [%eval -4,27] [%emt 0:00:35] (Kxe2) } 1/2-1/2

[Event "41st Amateur D7"]
[Site "ChessGUI4"]
[Date "2013.07.07"]
[Round "17.2"]
[White "Shallow 1.0 64-bit"]
[Black "ProChess 1.02AD"]
[Result "0-1"]
[BlackElo "2244"]
[ECO "E94"]
[EventDate "2013.??.??"]
[TimeControl "40/1500:40/1500:40/1500"]
[WhiteElo "2200"]

{ i5 Quad } 1.d4 Nf6 2.c4 g6 3.Nc3 Bg7 4.e4 d6 5.Nf3 O-O 6.Be2 e5 7.O-O c6 8.Re1 Na6 9.dxe5 dxe5 { [%eval -87,13] [%emt 0:00: 47] (dxe5) } 10.Nxe5
{ [%eval 36,14] [%emt 0:00:42] (Nxe5) } 10...Nc5
{ [%eval -80,12] [%emt 0:00:41] (Qe7) } 11.f3
{ [%eval 72,13] [%emt 0:00:42] (f3) } 11...Nfxe4
{ [%eval -65,13] [%emt 0:01:12] (Qb6) } 12.Nxc6
{ [%eval 36,13] [%emt 0:00:42] (Nxc6) } 12...bxc6
{ [%eval -38,13] [%emt 0:01:00] (Qh4) } 13.Qxd8
{ [%eval 27,15] [%emt 0:00:42] (Nxe4) } 13...Rxd8
{ [%eval -27,14] [%emt 0:00:47] (Rxd8) } 14.Nxe4
{ [%eval 22,15] [%emt 0:00:42] (Nxe4) } 14...Nxe4
{ [%eval -25,14] [%emt 0:01:13] (Nxe4) } 15.fxe4
{ [%eval 16,15] [%emt 0:00:42] (fxe4) } 15...Rd4
{ [%eval -22,13] [%emt 0: 00:36] (Rd4) } 16.Bf1
{ [%eval 15,15] [%emt 0:00:42] (Bf3) } 16...Be6
{ [%eval -7,13] [%emt 0:00:30] (Be6) } 17.b3
{ [%eval 12,15] [%emt 0:00:42] (c5) } 17...Rxe4
{ [%eval -7,14] [%emt 0:00:33] (Rxe4) } 18.Rxe4
{ [%eval 14,14] [%emt 0:00:42] (Rxe4) } 18...Bxa1
{ [%eval -13,14] [%emt 0:01:40] (Bxa1) } 19.Re1
{ [%eval 9,14] [%emt 0:00: 42] (Be3) } 19...Bc3
{ [%eval 8,13] [%emt 0:00:40] (Bc3) } 20.Rd1
{ [%eval 12,14] [%emt 0:00:42] (Rd1) } 20...Bg4
{ [%eval 7,13] [%emt 0:00:47] (a5) } 21.Rd6
{ [%eval 19,14] [%emt 0:00:42] (Rd6) } 21...Be5
{ [%eval 25,13] [%emt 0:00:43] (Rc8) } 22.Rxc6
{ [%eval 8,14] [%emt 0:00:42] (Rd2) } 22...Bd4+
{ [%eval 58,16] [%emt 0:00:28] (Bd4) } 23.Kh1
{ [%eval 2,15] [%emt 0:00:42] (Kh1) } 23...Re8
{ [%eval 50,15] [%emt 0:00:21] (Re8) } 24.Bd2
{ [%eval 0,15] [%emt 0:00:42] (Bd2) } 24...Be2
{ [%eval 40,15] [%emt 0: 00:29] (Be2) } 25.Bxe2
{ [%eval 0,15] [%emt 0:00:42] (Bxe2) } 25...Rxe2
{ [%eval 37,15] [%emt 0:00:20] (Rxe2) } 26.Bb4
{ [%eval 0,14] [%emt 0:00:42] (Bb4) } 26...a5
{ [%eval 38,14] [%emt 0:00:25] (Rxa2) } 27.Rc8+
{ [%eval 0,14] [%emt 0:00:42] (Rc8) } 27...Kg7
{ [%eval 33,15] [%emt 0:00:21] (Kg7) } 28.Bf8+
{ [%eval 0,14] [%emt 0:00:42] (Bf8) } 28...Kf6
{ [%eval 37,15] [%emt 0:01:35] (Kf6) } 29.g4
{ [%eval 0,14] [%emt 0: 00:42] (g3) } 29...Kg5
{ [%eval 51,13] [%emt 0:00:19] (Re1) } 30.Bc5
{ [%eval -9,12] [%emt 0:00:56] (Bc5) } 30...Bxc5
{ [%eval 60,14] [%emt 0:00:16] (Be5) } 31.Rxc5+
{ [%eval -33,14] [%emt 0:00:41] (Rxc5) } 31...Kf4
{ [%eval 43,15] [%emt 0:00:25] (Kxg4) } 32.Rc6
{ [%eval -28,14] [%emt 0:00:41] (Rd5) } 32...Rxa2
{ [%eval 51,15] [%emt 0:00: 18] (Rxa2) } 33.Rf6+
{ [%eval -35,15] [%emt 0:00:41] (Rf6) } 33...Kxg4
{ [%eval 52,16] [%emt 0:00:15] (Kxg4) } 34.Rxf7
{ [%eval -35,16] [%emt 0:00:41] (Rxf7) } 34...h5
{ [%eval 52,15] [%emt 0:00:30] (h5) } 35.Rf1
{ [%eval -38,15] [%emt 0:00:41] (Kg1) } 35...h4
{ [%eval 51,14] [%emt 0:00:18] (h4) } 36.Rd1
{ [%eval -58,14] [%emt 0:00:50] (Rg1) } 36...h3
{ [%eval 69,15] [%emt 0:00:20] (Ra3) } 37.Rg1+
{ [%eval -48,15] [%emt 0:00:40] (Rg1) } 37...Kf5
{ [%eval 75,17] [%emt 0:00:13] (Kf4) } 38.Rg3
{ [%eval -61, 16] [%emt 0:00:40] (Rg3) } 38...Ra1+
{ [%eval 81,18] [%emt 0:00:10] (Ra1) } 39.Rg1
{ [%eval -1,1] [%emt 0:00:00] (Rg1) } 39...Ra3 40.Rg3
{ [%eval -55,17] [%emt 0:00:51] (Rf1) } 40...g5
{ [%eval 90,17] [%emt 0:00:12] (g5) } 41.c5
{ [%eval -54,16] [%emt 0:00:38] (Rxh3) } 41...Ra1+
{ [%eval 110,20] [%emt 0:00:50] (g4) } 42.Rg1
{ [%eval -45,1] [%emt 0:00:00] (Rg1) } 42...Rxg1+ 43.Kxg1
{ [%eval -45,1] [%emt 0:00:00] (Kxg1) } 43...Ke5 44.c6
{ [%eval -147,19] [%emt 0:00:40] (Kf2) } 44...Kd6
{ [%eval 900, 24] [%emt 0:02:37] (Kd6) } 45.c7
{ [%eval -814,21] [%emt 0:00:40] (c7) } 45...Kxc7
{ [%eval 853,23] [%emt 0:06:00] (Kxc7) } 46.Kf2
{ [%eval -833,23] [%emt 0:00:40] (Kf1) } 46...Kd6
{ [%eval 837,22] [%emt 0:00:52] (Kc6) } 47.Kg3
{ [%eval -842,22] [%emt 0:00:40] (Kg3) } 47...Kc5
{ [%eval 913,23] [%emt 0:00:20] (Kc5) } 48.Kxh3
{ [%eval -852,20] [%emt 0:00:40] (Kxh3) } 0-1